woodfighter, neutral female human Wizard --------- --------- ------- |........####%############|.......---- ......| |.......| |..........| |.---.| |........############### #...........| |.| |.| |[......| ###|..........| |.| |.| ---|----- ############|..........| |.---.| # # # ----{......| |.....| ### ### # ----.---- --.-|-- # # # # # ^ -.------ ### # ### ### |......-- # # # # |.......-## # ### ####### |.......| -------# # -.--------- |.......| |....||# ## |...).....| --......-###### |.....|# -|--- u..........| -------- # |.....|# |....######@|...)....<| ##-....(.# |...| ----------- ------- ----- woodfighter the Conjurer Experience level: 5 Strength: 8 Dexterity: 14 Constitution: 16 Intelligence: 14 Wisdom: 19 Charisma: 7 Health: 0(38) Energy: 66(66) Def: 1 Gold: 704 Moves: 2993 Dungeon seed: gPcRU-2Saxo2gbHD Game ID: woodfighter_1454974500 Your Inventory: Coins $ - 704 gold pieces Weapons a - a blessed +1 quarterstaff (weapon in hands) Armor e - an uncursed +0 cloak of magic resistance (being worn) n - a blessed +1 mummy wrapping y - a cursed -1 studded leather armor Comestibles u - an uncursed sprig of wolfsbane z - an uncursed pancake B - 2 uncursed pears E - an uncursed lizard corpse Scrolls g - an uncursed scroll of create monster m - 2 uncursed scrolls of scare monster s - a blessed scroll of confuse monster x - an uncursed scroll of identify A - a cursed scroll of gold detection Spellbooks b - a blessed spellbook of force bolt c - an uncursed spellbook of light w - an uncursed spellbook of healing C - an uncursed spellbook of wizard lock Potions i - an uncursed potion of restore ability j - an uncursed potion of hallucination o - an uncursed potion of water p - a cursed potion of booze t - an uncursed potion of gain ability v - an uncursed potion of extra healing D - an uncursed potion of monster detection Wands d - a wand of nothing (0:6) r - a wand of enlightenment (0:14) Tools h - an uncursed oil lamp (0:1066) q - an uncursed oil lamp (0:1189) Spells and supernatural/magical abilities: Name Level Category Fail Memory a - force bolt 1 attack 0% 86% l - light 1 divination 0% 86% W - pray for help -- divine ? -- Your skills at the end: Miscellaneous Skills wands [Basic] Weapon Skills quarterstaff [Basic] Spellcasting Skills attack spells [Basic] enchantment spells [Basic] Final Attributes: You were devoutly aligned. You were magic-protected. You were telepathic. You are dead. Vanquished creatures: a lizard a shrieker a kobold mummy a floating eye a kitten a homunculus 2 rothes a centipede a giant bat a wererat a hobbit a large kobold a gecko a hobgoblin 2 cave spiders a brown mold a green mold a gnome 6 jackals a fox 9 newts a goblin 3 sewer rats 8 grid bugs a bat 4 lichens 53 creatures vanquished. Voluntary challenges: You did not adorn yourself with jewelry or accessories. You used a wielded weapon 39 times, starting on turn 1. You did not apply a unicorn horn. You read items or engraved 1 time, starting on turn 1489. You never genocided any monsters. You never polymorphed an object. You never changed form. You used no wishes. You never split a pudding. You never wrote Elbereth's name. You never violated your personal moral code. Dungeon overview: The Dungeons of Doom: levels 1 to 7 Level 1 a fountain, a sink a long staircase Level 2 a fountain Level 3 a delicatessen, a fountain, a sink stairs to The Gnomish Mines Level 4 some fountains Level 5 Level 6 a fountain Level 7 <- You were here a fountain The Gnomish Mines: Level 4 stairs to The Dungeons of Doom History has recorded: On T:1 you entered the Dungeons of Doom to retrieve the Amulet of Yendor! On T:79 you reached level 2 of The Dungeons of Doom. On T:909 you advanced to experience level 2. On T:976 you reached level 3 of The Dungeons of Doom. On T:1082 you advanced to experience level 3. On T:1127 you reached level 1 of The Gnomish Mines. On T:1202 you reached level 4 of The Dungeons of Doom. On T:1451 you advanced to experience level 4. On T:1549 you reached level 5 of The Dungeons of Doom. On T:2091 you reached level 6 of The Dungeons of Doom. On T:2275 you reached level 7 of The Dungeons of Doom. On T:2635 you advanced to experience level 5. Score breakdown: Gold: 704 ( 70 points) Experience: 5 levels ( 400 points) Exploration: 7 levels ( 180 points) Discoveries: 2 items ( 100 points) Variety of kills: 26 monsters ( 1300 points) Major goal: (nothing yet) ( 0 points) Survival: died (score multiplied by 3) Total score: 6150 Latest messages: Kitty eats a rothe corpse. You have a little trouble removing D - a pink potion. Your movements are slowed slightly because of your load. The black unicorn butts! You die... Final status: Goodbye woodfighter the Wizard, killed by a black unicorn... You died in The Dungeons of Doom on dungeon level 7 with 6150 points, and 704 pieces of gold, after 2993 moves. You were level 5 with a maximum of 38 hit points when you died.